 Dungeon Crawl Stone Soup version 0.26-a0-778-g3fe0686644 (webtiles) character file.

Game seed: 9801959162560676915

464 marklar909 the Conjurer (level 6, 46/46 HPs)
             Began as a Draconian Conjurer on Nov 10, 2020.
             Got out of the dungeon alive.
             The game lasted 00:05:44 (4333 turns).

marklar909 the Conjurer (Draconian Conjurer)        Turns: 4333, Time: 00:05:45

Health: 46/46      AC:  6    Str: 11      XL:     6   Next: 80%
Magic:  11/11      EV: 12    Int: 17      God:
Gold:   56         SH:  0    Dex:  8 (9)  Spells: 9/12 levels left

rFire    . . .     SeeInvis .     - Unarmed
rCold    . . .     Faith    .   (no shield)
rNeg     . . .     Spirit   .   (armour unavailable)
rPois    .         Reflect  .   (helmet restricted)
rElec    .         Harm     .   (no cloak)
rCorr    .         Rampage  .   (no gloves)
MR       .....                  (no boots)
Stlth    ++........             (no amulet)
HPRegen  0.15/turn              (no ring)
MPRegen  0.12/turn              (no ring)

@: no status effects
A: unfitting armour, deterioration 1, dopey 1, cold-blooded, MP-powered wands,
AC +6
a: no special abilities


You escaped.
You visited 1 branch of the dungeon, and saw 3 of its levels.

You collected 56 gold pieces.

Inventory:

Wands
 k - a wand of iceblast (10)
Scrolls
 a - 3 scrolls of identify {unknown}
 b - 2 scrolls of enchant armour {unknown}
 c - a scroll of magic mapping {unknown}
 d - a scroll of fog {unknown}
 e - 3 scrolls of teleportation {unknown}
 f - a scroll of amnesia {unknown}
 g - 3 scrolls of random uselessness {unknown}
 i - 2 scrolls of immolation {unknown}
 j - a scroll of noise {unknown}
Potions
 h - a potion of haste {unknown}
 l - a potion of curing {unknown}


   Skills:
 + Level 0.6 Fighting
 + Level 2.3 Dodging
 + Level 2.7 Stealth
 + Level 1.5 Unarmed Combat
 + Level 3.8 Spellcasting
 + Level 6.4 Conjurations


You had 9 spell levels left.
You knew the following spells:

 Your Spells              Type           Power        Failure   Level
a - Magic Dart            Conj           ####         1%          1
b - Searing Ray           Conj           ####..       1%          2

Your spell library contained the following spells:

 Spells                   Type           Power        Failure   Level
 Dazzling Flash           Conj/Hex       ##....       13%         3
 Fulminant Prism          Conj/Hex       ##........   38%         4
 Iskenderun's Mystic Bla  Conj/Tloc      ##......     38%         4


Dungeon Overview and Level Annotations

Branches:
Dungeon (3/15)

Altars:
Uskayaw


Innate Abilities, Weirdness & Mutations

Your plain brown scales are hard. (AC +6)
You cannot fit into any form of body armour.
You are cold-blooded and may be slowed by cold attacks.
Your body sometimes deteriorates upon taking damage.
You are dopey. (Int -2)
You expend magic power (3 MP) to strengthen your wands.


Message History

There is a stone staircase leading up here.
You climb upwards.
There is a stone staircase leading down here.
(D) Dungeon
Where to? (Enter - D:2, ? - help)
Things that are here:
a +1 vampiric spear; a cursed -1 halberd
There is a stone staircase leading up, spattered with blood here.
You climb upwards.
There is a stone staircase leading down here.
(D) Dungeon
Where to? (Enter - D:1, ? - help)
Okay, then.
Sorry, I don't know how to traverse that place.
There is an open door here.
There is a staircase leading out of the dungeon here.
Are you sure you want to leave the Dungeon?
This will make you lose the game!
Alright, then stay!
Are you sure you want to leave the Dungeon?
This will make you lose the game!
You have escaped!

# #..†...........................
###...(...#...#####....#########.
.............##≈≈≈##......#......
..#......#..##≈≈P≈≈##..##.#.#####
###......#.##≈≈≈.≈≈≈##........###
# #......#.#≈≈P.8.P≈≈#.##.#.#.##.
###......#.#≈≈.....≈≈#..#.#.#.##.
......####.8≈.......≈8..#.#.#.##.
......# #.+.P8.@.8P.'..#.#.#....
......# #.8≈.......≈8..#.#.#####
......# #.#≈≈.....≈≈#...........
......# #.#≈≈P.8.P≈≈#...........
......# #.##≈≈≈.≈≈≈##.#....#...#
......####..##≈≈P≈≈##..####.#.#.#
.............##≈≈≈##...# #.#.#.#
##'#..........#####....# #.#.#.#
##.#..............###..####.#.#.#


There were no monsters in sight!

Vanquished Creatures
  Sigmund (D:3)
  A hound (D:2)
  3 orc priests (D:3)
  Jessica (D:2)
  8 gnolls
  An adder (D:2)
  An ooze (D:1)
  A worm (D:2)
  3 leopard geckos
  5 orcs (D:3)
  6 bats
  3 giant cockroaches
  8 goblins
  7 hobgoblins
  2 jackals (D:3)
  6 kobolds
  3 quokkas
  5 frilled lizards
  10 rats
75 creatures vanquished.

Notes
Turn   | Place    | Note
-------+----------+-------------------------------------------
     0 | D:1      | marklar909 the Draconian Conjurer began the quest for the
                  | Orb.
     0 | D:1      | Reached XP level 1. HP: 14/14 MP: 3/3
   296 | D:1      | Reached XP level 2. HP: 20/20 MP: 3/5
  1029 | D:2      | Reached XP level 3. HP: 26/26 MP: 3/6
  1085 | D:2      | Noticed Jessica
  1090 | D:2      | Learned a level 2 spell: Searing Ray
  1092 | D:2      | Killed Jessica
  1092 | D:2      | Reached skill level 5 in Conjurations
  1235 | D:2      | Reached XP level 4. HP: 33/33 MP: 5/7
  1810 | D:2      | Reached XP level 5. HP: 33/38 MP: 0/8
  1969 | D:2      | Found a hide-covered altar of Uskayaw.
  2239 | D:2      | You fall into a shaft and drop 1 floor!
  2400 | D:3      | Reached skill level 6 in Conjurations
  2518 | D:3      | Reached skill level 1 in Unarmed Combat
  3017 | D:3      | Gained mutation: You are dopey. (Int -2) [potion of
                  | mutation]
  3017 | D:3      | Gained mutation: Your body sometimes deteriorates upon
                  | taking damage. [potion of mutation]
  3017 | D:3      | Gained mutation: You expend magic power (3 MP) to
                  | strengthen your wands. [potion of mutation]
  3019 | D:3      | Reached XP level 6. HP: 27/45 MP: 5/10
  3407 | D:3      | Noticed Sigmund
  3415 | D:3      | Killed Sigmund
  4333 | D:$      | Got out of the dungeon alive.

Illustrated notes

Levels and vault maps discovered:
D:1:      lightli_arrival_statuegarden, layout_basic
D:2:      layout_rooms, fedhas_altar_4, lemuel_blue_sif_altar,
          old_standard_altar, uniq_jessica
D:3:      layout_basic, kennysheep_crisscross, uniq_sigmund

Skill      XL: |  1  2  3  4  5 |
---------------+----------------+-----
Dodging        | 2 |  2.3
Stealth        | 2 |  2.7
Conjurations   | 5 6 |  6.4
Spellcasting   | 3 |  3.8
Unarmed Combat | 1 |  1.5
Fighting       | |  0.6

Action                   |  1- 3 |  4- 6 || total
-------------------------+-------+-------++-------
Melee: Unarmed           |       |    24 ||    24
       Tailslap          |       |     3 ||     3
 Cast: Magic Dart        |    43 |    21 ||    64
       Searing Ray       |     1 |    37 ||    38
  Use: Potion            |       |     2 ||     2
Armor: Skin              |       |    18 ||    18
Dodge: Dodged            |     1 |    32 ||    33

Table legend: (Time is in decaauts)
 A = Elapsed time spent in this place.
 B = Non-inter-level travel time spent in this place.
 C = Inter-level travel time spent in this place.
 D = Time resting spent in this place.
 E = Time spent auto-exploring this place.
 F = Levels seen in this place.
 G = Mean time per level.
                   A        B        C        D        E       F      G
               +--------+--------+--------+--------+--------+-----+--------+
         Total |   4335 |   4231 |    104 |    275 |   3489 |   3 | 1445.0 |
       Dungeon |   4335 |   4231 |    104 |    275 |   3489 |   3 | 1445.0 |
               +--------+--------+--------+--------+--------+-----+--------+

Top non-repeatable levels by time:
     D:3: 2028 daAuts
     D:1: 1323 daAuts
     D:2: 983 daAuts
